 Dungeon Crawl Stone Soup version 0.19.4-8-ga85b6b9 (webtiles) character file.

189 Naow the Caller (level 5, -3/28 HPs)
             Began as a Deep Elf Summoner on Feb 10, 2017.
             Slain by an orc
             ... wielding a +1 hand axe of flaming
              (5 damage)
             ... on level 3 of the Dungeon.
             The game lasted 00:09:39 (4340 turns).

Naow the Caller (Deep Elf Summoner)                 Turns: 4340, Time: 00:09:39

Health: -3/28      AC:  2    Str:  5    XL:     5   Next: 40%
Magic:  1/14       EV: 13    Int: 21    God:
Gold:   99         SH:  0    Dex: 15    Spells: 4 memorised, 4 levels left

rFire  . . .     SeeInvis .     (no weapon)
rCold  . . .     Gourm    .     a - +0 robe
rNeg   . . .     Faith    .     (no shield)
rPois  .         Spirit   .     (no helmet)
rElec  .         Reflect  .     (no cloak)
rCorr  .         Harm     .     (no gloves)
MR     .....                    (no boots)
Stlth  ++........               (no amulet)
                                (no ring)
                                m - ring of flight

@: very slightly contaminated
A: no striking features
a: Evoke Flight


You were on level 3 of the Dungeon.
You were hungry.

You visited 1 branch of the dungeon, and saw 3 of its levels.

You collected 99 gold pieces.

Inventory:

Armour
 a - a +0 robe (worn)
Jewellery
 m - a ring of flight (left hand)
Wands
 i - a wand of enslavement (11/24)
 k - a wand of teleportation (6/9)
Scrolls
 d - 4 scrolls of identify {unknown}
 e - a scroll of amnesia {unknown}
 g - a scroll of enchant armour {unknown}
 h - a scroll of fear {unknown}
 j - 3 scrolls of remove curse {unknown}
 l - a scroll of blinking {unknown}
 o - a scroll of fog {unknown}
Potions
 n - a potion of might {unknown}
Books
 b - a book of Callings

   Spells                             Type                      Level
   a - Summon Small Mammal            Summoning                    1
   b - Call Imp                       Summoning                    2
   c - Call Canine Familiar           Summoning                    3
   d - Summon Guardian Golem          Hexes/Summoning              3
   e - Summon Lightning Spire         Summoning/Air                4
   f - Summon Ice Beast               Ice/Summoning                4
Comestibles
 c - 3 bread rations
 f - 3 fruits
 p - a slice of pizza
 q - 3 chunks of flesh


   Skills:
 - Level 2.4 Dodging
 - Level 2.4 Stealth
 + Level 5.1 Spellcasting
 * Level 6.4 Summonings
 + Level 0.7 Ice Magic


You had 4 spell levels left.
You knew the following spells:

 Your Spells              Type           Power        Failure   Level  Hunger
a - Summon Small Mammal   Summ           ####         1%          1    None
b - Call Imp              Summ           ####....     1%          2    None
c - Call Canine Familiar  Summ           ####....     2%          3    ##.....
d - Summon Ice Beast      Ice/Summ       ###.....     28%         4    ####...


Dungeon Overview and Level Annotations

Branches:
Dungeon (3/15)

Altars:


Message History

The orc burns you. The orc barely misses your white imp.
The orc hits your hound with a hand axe of flaming.
The orc burns your hound.
The orc hits your ice beast but does no damage. x2
Your hound misses the orc.
The orc throws a tomahawk.
The tomahawk barely misses you.
Your white imp barely misses the orc.
Your ice beast hits the orc but does no damage.
You see here a tomahawk.
Casting: Summon Ice Beast
Confirm with . or Enter, or press ? or * to list all spells.
You miscast Summon Ice Beast.
You are very lightly contaminated with residual magic.
Nothing appears to happen.
You are feeling hungry.
Your hound bites the orc.
The orc priest calls down the wrath of Beogh upon you.
Beogh smites you!
* * * LOW HITPOINT WARNING * * *
The orc hits you with a hand axe of flaming.
You die...

#......#
#......#
####......#
+>.#.)....#
#..........
#..##......
#...#.#####
###+##+###
#.#.#.....#
....w.5o@#
#.#..####.#
......hYo#
##.#
?.......o#
#.## #
........o#
##..###.#
..........
#.......#
...........
##...####
...........
#.#.####
............
#.#.....
#.#.####


You could see a worm, an orc priest, 3 orcs, a friendly ice beast, a friendly
hound and a friendly white imp.

Vanquished Creatures
  A giant cockroach (D:1)
  A rat (D:1)
2 creatures vanquished.

Vanquished Creatures (collateral kills)
  Sigmund (D:2)
  An iguana (D:3)
  4 gnolls (D:2)
  4 adders
  A worm (D:2)
  2 dart slugs
  2 leopard geckos
  3 orcs (D:3)
  A giant cockroach (D:2)
  4 goblins
  10 hobgoblins
  7 kobolds
  2 quokkas
  2 ball pythons (D:1)
  9 bats
  2 frilled lizards (D:1)
  7 rats
62 creatures vanquished.

Vanquished Creatures (others)
  An orc wizard (D:3)
1 creature vanquished.

Grand Total: 65 creatures vanquished

Notes
Turn   | Place    | Note
-------+----------+-------------------------------------------
     0 | D:1      | Naow the Deep Elf Summoner began the quest for the Orb.
     0 | D:1      | Reached XP level 1. HP: 10/10 MP: 6/6
   598 | D:1      | Reached XP level 2. HP: 8/15 MP: 2/8
   602 | D:1      | Learned a level 2 spell: Call Imp
  1312 | D:1      | Reached skill level 5 in Summonings
  2236 | D:2      | Reached XP level 3. HP: 12/19 MP: 6/10
  2241 | D:2      | Learned a level 3 spell: Call Canine Familiar
  2788 | D:2      | Noticed Sigmund
  2812 | D:2      | Killed Sigmund
  2812 | D:2      | Reached XP level 4. HP: 24/24 MP: 1/12
  3012 | D:2      | Reached skill level 6 in Summonings
  3372 | D:2      | Reached XP level 5. HP: 11/28 MP: 5/14
  3625 | D:3      | Learned a level 4 spell: Summon Ice Beast
  3692 | D:3      | Reached skill level 5 in Spellcasting
  4340 | D:3      | Slain by an orc

Skill      XL: |  1  2  3  4  5 |
---------------+----------------+-----
Summonings     | 5 6 |  6.4
Spellcasting   | 4 5 |  5.1
Dodging        | |  2.4
Stealth        | |  2.4
Ice Magic      | |  0.7

Action                   |  1- 3 |  4- 6 || total
-------------------------+-------+-------++-------
Melee: Unarmed           |    29 |    15 ||    44
 Cast: Summon Small Mamm |    59 |    11 ||    70
       Call Imp          |    34 |    21 ||    55
       Call Canine Famil |     3 |    10 ||    13
       Summon Ice Beast  |       |     2 ||     2
  Eat: Chunk             |     6 |     6 ||    12
Armor: Robe              |    25 |     3 ||    28
Dodge: Dodged            |    74 |    30 ||   104
